 Dungeon Crawl Stone Soup version 0.27-a0-1500-g450c7e4133 (webtiles) character file.

Game seed: 15949195189327452154

5754 tsouns the Grappler (level 10, -1/104 HPs)
             Began as a Troll Delver on July 8, 2021.
             Was a Believer of Makhleb.
             Slain by Snorg (14 damage)
             ... on level 10 of the Dungeon.
             The game lasted 00:10:24 (3676 turns).

tsouns the Grappler (Troll Delver)                  Turns: 3676, Time: 00:10:24

Health: -1/104     AC:  5    Str: 25    XL:     10   Next: 49%
Magic:  12/12      EV:  9    Int: 12    God:    Makhleb [**....]
Gold:   234        SH:  0    Dex: 11    Spells: 4/9 levels left

rFire    . . .     SeeInvis .     - Unarmed
rCold    . . .     Faith    .   (no shield)
rNeg     . . .     Spirit   .   a - +1 robe
rPois    .         Reflect  .   (helmet restricted)
rElec    .         Harm     .   (no cloak)
rCorr    .         Rampage  .   (gloves unavailable)
Will     .....                  (boots unavailable)
Stlth    ++........             (no amulet)
HPRegen  1.27/turn              j - +6 ring of intelligence
MPRegen  0.13/turn              (no ring)

@: no status effects
A: large, unfitting armour, claws 3, regeneration 1, shaggy fur 1, tough skin 1
a: Renounce Religion, Minor Destruction


You were on level 10 of the Dungeon.
You worshipped Makhleb.
Makhleb was pleased with you.
You visited 1 branch of the dungeon, and saw 5 of its levels.

You collected 234 gold pieces.

Inventory:

Missiles
 n - a curare-tipped dart (quivered)
Armour
 a - a +1 robe (worn)
Jewellery
 e - a ring of magical power
 j - a +6 ring of intelligence (left claw)
Wands
 f - a wand of digging (3)
 i - a wand of iceblast (6)
 l - a wand of polymorph (17)
 m - a wand of paralysis (5)
Scrolls
 b - a scroll of fog
 c - 2 scrolls of magic mapping
 g - 2 scrolls of enchant armour
 k - a scroll of amnesia
 o - 2 scrolls of identify
 s - a scroll of holy word
 t - a scroll of acquirement {unknown}
Potions
 q - a potion of might
 r - a potion of ambrosia
 u - a potion of heal wounds
 v - a potion of resistance {unknown}
Miscellaneous
 h - a piece from Xom's chessboard (15/15)


   Skills:
 + Level 7.7 Fighting
 - Level 1.5 Dodging
 - Level 2.7 Stealth
 * Level 12.1 Unarmed Combat
 + Level 4.3 Invocations


You had 4 spell levels left.
You knew the following spells:

 Your Spells              Type           Power      Damage    Failure   Level
a - Call Imp              Summ           0%         N/A       45%         2
b - Mephitic Cloud        Conj/Pois/Air  0%         N/A       69%         3

Your spell library contained the following spells:

 Spells                   Type           Power      Damage    Failure   Level
 Magic Dart               Conj           0%         1d3       32%         1
 Call Canine Familiar     Summ           0%         N/A       69%         3
 Portal Projectile        Hex/Tloc       0%         N/A       69%         3
 Leda's Liquefaction      Hex/Erth       0%         N/A       97%         4
 Summon Forest            Summ/Tloc      0%         N/A       100%        5
 Summon Mana Viper        Hex/Summ       0%         N/A       100%        5
 Shadow Creatures         Summ           N/A        N/A       100%        6


Dungeon Overview and Level Annotations

Branches:
Dungeon (8/15)             Temple (0/1) D:5            Lair (0/6) D:8

Altars:
Dithmenos
Elyvilon
Hepliaklqana
Makhleb
Uskayaw
Vehumet

Annotations:
D:10 Snorg


Innate Abilities, Weirdness & Mutations

You are too large for most types of armour.
You have claws for hands.
Your natural rate of healing is unusually fast.
You are covered in fur. (AC +1)
You have tough skin. (AC +1)


Message History

Aiming: Paralyse
Press: ? - help, Shift-Dir - straight line, f/p - Snorg
Aim: Snorg (berserk, chance to affect: 15%) Snorg resists with almost no effort.
Throw: throwing net
Press: ? - help, Q - select action, (/) - cycle Shift-Dir - straight line, f/p - Snorg
Aim: Snorg (berserk, 59% to hit)
You throw a throwing net. The throwing net hits Snorg.
Snorg is caught in the net!
Snorg struggles against the net.
You catch the helpless Snorg completely off-guard!
You mangle Snorg!!
Snorg is lightly wounded.
Snorg struggles against the net.
You claw Snorg!
Snorg is moderately wounded.
Snorg struggles against the net.
You mangle Snorg!!
Snorg is heavily wounded.
Snorg struggles against the net. x2
The net rips apart, and Snorg comes free!
You closely miss Snorg.
Snorg is heavily wounded.
Snorg barely misses you. Snorg claws you. Snorg claws you but does no damage.
You mangle Snorg!!
Snorg is severely wounded.
Snorg bites you. Snorg claws you! Snorg claws you.
You mangle Snorg!!
Snorg is severely wounded.
Snorg completely misses you. Snorg claws you. Snorg closely misses you.
You closely miss Snorg.
Snorg is severely wounded.
Snorg bites you but does no damage. Snorg closely misses you. Snorg claws you!
* * * LOW HITPOINT WARNING * * *
You closely miss Snorg.
Snorg is severely wounded.
Snorg closely misses you. Snorg claws you!
* * * LOW HITPOINT WARNING * * *
Snorg claws you but does no damage. Snorg bites you!
You die...

#........#
#........# #
#........# #.
#........#
#.####........#
#.......?.....#
#.......####..#
#.....T.# #..#
#....@..# #..#
#.......# #..#
#.......# #..#
#.......####..#
##.............#
...............#
................#
#################


You could see Snorg (berserk).

Vanquished Creatures
  Pikel (D:8)
  2 ugly things (D:7)
  5 yaks (D:8)
  A wraith (D:7)
  A wyvern (D:7)
  4 basilisks (D:8)
  2 vampire mosquitoes
  A water moccasin (D:7)
  A swamp drake (D:8)
  An orc warrior (D:8)
  4 ice beasts
  2 sky beasts
  An ogre (D:6)
  A centaur (D:8)
  2 lemures (D:8)
  4 kobold brigands
  3 bullfrogs
  2 gnoll sergeants (D:8)
  3 scorpions
  2 wyvern skeletons (D:7)
  A killer bee (D:8)
  A wight (D:7)
  A centaur zombie (D:5)
  2 bullfrog zombies
  3 jellies
  A gnoll shaman (D:5)
  An orc priest (D:8)
  4 bullfrog skeletons (D:7)
  3 iguanas (D:5)
  2 orc wizards (D:8)
  A killer bee zombie (D:5)
  2 howler monkey zombies (D:7)
  2 adders
  13 gnolls
  A howler monkey skeleton (D:6)
  A shadow imp (D:5)
  A white imp (D:7)
  11 orcs
  A quokka (D:5)
  8 kobolds
103 creatures vanquished.

Notes
Turn   | Place    | Note
-------+----------+-------------------------------------------
     0 | D:5      | tsouns the Troll Delver began the quest for the Orb.
     0 | D:5      | Reached XP level 1. HP: 22/22 MP: 0/0
    16 | D:5      | Reached XP level 2. HP: 27/29 MP: 1/1
    20 | D:5      | Found a burning altar of Makhleb.
    59 | D:5      | Reached skill level 3 in Unarmed Combat
    59 | D:5      | Reached XP level 3. HP: 17/36 MP: 2/2
    60 | D:5      | Became a worshipper of Makhleb the Destroyer
    94 | D:5      | Noticed an ice beast
   107 | D:5      | Killed an ice beast
   108 | D:5      | Reached skill level 4 in Unarmed Combat
   108 | D:5      | Reached XP level 4. HP: 17/45 MP: 3/3
   133 | D:5      | Found a hazy altar of Hepliaklqana.
   198 | D:5      | Reached XP level 5. HP: 53/53 MP: 4/4
   413 | D:5      | Reached skill level 5 in Unarmed Combat
   461 | D:5      | Reached XP level 6. HP: 44/62 MP: 5/5
   490 | D:5      | Found a staircase to the Ecumenical Temple.
   921 | D:6      | Reached skill level 6 in Unarmed Combat
  1004 | D:6      | Noticed a sky beast
  1015 | D:6      | Killed a sky beast
  1016 | D:6      | Reached XP level 7. HP: 71/71 MP: 6/6
  1045 | D:6      | Found a radiant altar of Vehumet.
  1070 | D:6      | Found a shadowy altar of Dithmenos.
  1109 | D:6      | Noticed a vampire mosquito
  1109 | D:6      | Noticed a vampire mosquito
  1111 | D:6      | Noticed a vampire mosquito
  1481 | D:5      | HP: 3/71 [vampire mosquito (7)]
  1482 | D:5      | Killed a vampire mosquito
  1483 | D:5      | Reached skill level 7 in Unarmed Combat
  1699 | D:7      | Learned a level 2 spell: Call Imp
  1704 | D:7      | Learned a level 3 spell: Mephitic Cloud
  1712 | D:7      | Found a white marble altar of Elyvilon.
  1765 | D:7      | Reached skill level 5 in Fighting
  1772 | D:7      | Reached skill level 8 in Unarmed Combat
  1772 | D:7      | Reached XP level 8. HP: 44/80 MP: 7/7
  1859 | D:7      | HP: 3/80 [poisoned by a water moccasin]
  1863 | D:7      | HP: 1/80 [poisoned by a water moccasin]
  2166 | D:7      | Reached * piety under Makhleb
  2176 | D:7      | Noticed a green ugly thing
  2184 | D:7      | Reached skill level 9 in Unarmed Combat
  2192 | D:7      | Noticed a purple ugly thing
  2205 | D:7      | Killed a green ugly thing
  2222 | D:7      | Killed a green ugly thing
  2223 | D:7      | Reached skill level 10 in Unarmed Combat
  2223 | D:7      | Reached XP level 9. HP: 77/92 MP: 8/8
  2270 | D:7      | Reached skill level 1 in Invocations
  2321 | D:7      | Identified the +1 leather armour "Erriusch" {SInv Stlth+}
  2883 | D:8      | Reached skill level 11 in Unarmed Combat
  2905 | D:8      | Reached XP level 10. HP: 65/102 MP: 11/11
  3039 | D:8      | Reached ** piety under Makhleb
  3247 | D:8      | Found a hide-covered altar of Uskayaw.
  3382 | D:8      | Noticed Pikel
  3403 | D:8      | Killed Pikel
  3404 | D:8      | Reached skill level 12 in Unarmed Combat
  3487 | D:8      | Found a staircase to the Lair.
  3641 | D:8      | You fall into a shaft and drop 2 floors!
  3641 | D:10     | Entered Level 10 of the Dungeon
  3654 | D:10     | Noticed Snorg
  3676 | D:10     | Slain by Snorg

Illustrated notes

Levels and vault maps discovered:
D:5:      layout_basic, mainiacjoe_overflow_small_starburst,
          mainiacjoe_overflow_brackets, lemuel_temple_firewalk_b
D:6:      layout_loops_ring, grunt_dithmenos_smoke, amcnicky_altar_gilded,
          serial_shops, nicolae_shop_window_shopping
D:7:      nzn_winding_woodlands_three_and_one [nzn_winding_woodlands_5x15_pool,
          nzn_winding_woodlands_5x15_cabin,
          nzn_winding_woodlands_5x15_pathside_ponds,
          nzn_winding_woodlands_center_pierced_h], layout_basic,
          nicolae_elyvilon_peaceful_grove, hellmonk_bongcloud_opening,
          hangedman_abyss_or_decor_stagger
D:8:      minmay_razor_zed, layout_rooms, general_overflow_altar,
          overflow_temple_1_default, erik_lair_dragon, uniq_pikel
D:10:     layout_small_grid, lemuel_tele_altar, minmay_orc_entry_guard_dogs,
          serial_shops, shop, uniq_snorg

Skill      XL: |  1  2  3  4  5  6  7  8  9 10 |
---------------+-------------------------------+-----
Unarmed Combat | 3 4 5 6 8 10 11 12 | 12.1
Fighting       | 3 4 5 6 7 |  7.7
Invocations    | 3 4 |  4.3
Dodging        | |  1.5
Stealth        | |  2.7

Action                   |  1- 3 |  4- 6 |  7- 9 | 10-12 || total
-------------------------+-------+-------+-------+-------++-------
Melee: Unarmed           |    24 |    69 |   198 |   116 ||   407
       Punch             |     1 |     3 |     9 |     4 ||    17
Throw: Throwing net      |       |     1 |       |     1 ||     2
Evoke: Wand              |       |       |       |     4 ||     4
  Use: Potion            |     2 |       |     1 |       ||     3
       Scroll            |       |     4 |     5 |     3 ||    12
 Stab: Sleeping          |       |     2 |     2 |       ||     4
       Held in net/web   |       |       |       |     1 ||     1
Armor: Robe              |     8 |    13 |    33 |    24 ||    78
Dodge: Dodged            |    10 |    30 |    61 |    47 ||   148

Table legend: (Time is in decaauts)
 A = Elapsed time spent in this place.
 B = Non-inter-level travel time spent in this place.
 C = Inter-level travel time spent in this place.
 D = Time resting spent in this place.
 E = Time spent auto-exploring this place.
 F = Levels seen in this place.
 G = Mean time per level.
                   A        B        C        D        E       F      G
               +--------+--------+--------+--------+--------+-----+--------+
         Total |   3596 |   3514 |     82 |      0 |   2549 |   5 |  719.2 |
       Dungeon |   3596 |   3514 |     82 |      0 |   2549 |   5 |  719.2 |
               +--------+--------+--------+--------+--------+-----+--------+

Top non-repeatable levels by time:
     D:7: 1194 daAuts
     D:5: 1011 daAuts
     D:8: 807 daAuts
     D:6: 550 daAuts
    D:10: 32 daAuts
